Match 45352785
Unlisted

Match 45352785
End
Construct Barracks
Selects Advanced Infantry Battlegroup
Riflemen Squad
Riflemen Squad
1⁄4-ton 4x4 Truck
Riflemen Squad
Engineer Squad
Selects Convert to Ranger Squad
Infantry Support Center
Construct Medical Station
Convert to Ranger Squad
Construct Motor Pool
Selects Frontline Medical Station
M24 Chaffee Light Tank
Grenade Package
Selects Artillery Observers
Construct Weapon Support Center
M1 Anti-tank Gun Team
Selects Infantry Assault
Selects Ranger Weapon Training
Improved M9 Bazooka Rockets
Convert to Ranger Squad
Construct Tank Depot
Selects M2A1 105mm Howitzer Emplacement
M4A1 Sherman Medium Tank
Engineer Squad
Survival Training
Selects 155mm Rapid Artillery Barrage
Convert to Ranger Squad
Advanced Logistics
155mm Rapid Artillery Barrage
M18 Hellcat Tank Destroyer
Demolitions Package
Munitions Surplus
©Redgaarden III
MaXiS
0
0

Comments sign in to comment!

No comments posted yet!